 Dungeon Crawl Stone Soup version 0.28-a0-726-g4a9143789a (webtiles) character file.

Game seed: 2612743248078923765

149 bande the Covered (level 5, 0/49 HPs)
             Began as a Gargoyle Fighter on Oct 27, 2021.
             Slain by Pikel (5 damage)
             ... on level 4 of the Dungeon.
             The game lasted 00:05:00 (3506 turns).

bande the Covered (Gargoyle Fighter)                Turns: 3506, Time: 00:05:00

Health: 0/49       AC: 14    Str: 20    XL:     5   Next: 31%
Magic:  5/5        EV:  7    Int:  9    God:
Gold:   122        SH:  4    Dex:  9    Spells: 4/4 levels left

rFire   . . .      SeeInvis .   a - +0 war axe
rCold   . . .      Faith    .   c - +0 buckler
rNeg    + . .      Spirit   .   k - +0 chain mail
rPois   ∞          Reflect  .   (no helmet)
rElec   +          Harm     .   (no cloak)
rCorr   .          Rampage  .   (no gloves)
Will    .....                   f - +0 pair of boots
Stlth   ..........              (no amulet)
HPRegen 0.16/turn               (no ring)
MPRegen 0.09/turn               (no ring)

@: berserking (expiring), very quick
A: sickness immunity, AC +4, negative energy resistance 1, electricity
resistance, torment resistance 1, petrification resistance
a: no special abilities


You were on level 4 of the Dungeon.
You visited 1 branch of the dungeon, and saw 4 of its levels.

You collected 122 gold pieces.

Inventory:

Hand Weapons
 a - a +0 war axe (weapon)
 l - a +0 flail of protection
Armour
 c - a +0 buckler (worn)
 f - a +0 pair of boots (worn)
 k - a +0 chain mail (worn)
Wands
 h - a wand of paralysis (12)
Scrolls
 j - a scroll of identify
Potions
 b - a potion of berserk rage
 d - 2 potions of might
 i - a potion of haste
 m - 2 potions of magic


   Skills:
 + Level 3.9 Fighting
 + Level 3.7 Axes
 + Level 4.0 Armour
 - Level 0.1 Stealth
 + Level 3.8 Shields


You had 4 spell levels left.
You didn't know any spells.
Your spell library contained the following spells:

 Spells                   Type           Power      Damage    Failure   Level
 Ensorcelled Hibernation  Hex/Ice        0%         N/A       99%         2
 Passwall                 Tmut/Erth      0%         N/A       99%         2
 Spider Form              Tmut/Pois      0%         N/A       100%        3
 Swiftness                Air            0%         N/A       100%        3
 Invisibility             Hex            0%         N/A       100%        6


Dungeon Overview and Level Annotations

Branches:
Dungeon (4/15)
 Temple: D:4-7

Altars:
Dithmenos
Gozag

Shops:
D:2 *

Annotations:
D:4 Pikel


Innate Abilities, Weirdness & Mutations

You are immune to sickness and miasma.
Your stone body is resilient. (AC +4)
You are immune to poison.
You resist negative energy. (rN+)
You are resistant to electric shocks. (rElec)
You are resistant to unholy torment.
You are immune to petrification.


Message History

You slash the orc!
You kill the orc!
Pikel zaps a wand.
The puff of flame hits you!
* * * LOW HITPOINT WARNING * * *
An orc wizard comes into view. It is wielding a +0 dagger.
The orc wizard shouts!
Items here: ( )))) [ ††.
You barely miss Pikel.
Pikel is lightly wounded.
Pikel barely misses you.
You slash Pikel!
Pikel is moderately wounded.
Pikel hits you but does no damage.
You slash Pikel!
Pikel is severely wounded.
Pikel says, "You'll make a fine lemure."
Pikel hits you with a +2 whip of freezing!
* * * LOW HITPOINT WARNING * * *
Pikel freezes you.
* * * LOW HITPOINT WARNING * * *
The orc wizard casts a spell.
The orc wizard flickers and vanishes!
Deactivating autopickup; reactivate with Ctrl-A.
Unknown command.
You closely miss Pikel.
Pikel is severely wounded.
Pikel hits you but does no damage.
Unknown command.
Your chain mail prevents you from hitting Pikel.
Pikel is severely wounded.
Pikel hits you but does no damage.
Unknown command.
You miss Pikel.
Pikel is severely wounded.
Pikel zaps a wand.
The puff of flame hits you.
* * * LOW HITPOINT WARNING * * *
You closely miss Pikel.
Pikel is severely wounded.
Pikel hits you with a +2 whip of freezing.
You die...

#).....# ##..##
##... ...##..#
#..## .. #..##
..# #..# . # ..##
## ##K.# .##..
#5{## ....# #55#
.... #5## ...#
#K# #@# #.# #..
#.# ##..# ######
#...# ....# ##..#
.....####...# #..
...........######
#..
#.............
..#
##.............


You could see Pikel, 4 lemures and a kobold.

Vanquished Creatures
  A hound (D:2)
  3 adders
  An adder zombie (D:3)
  An adder skeleton (D:4)
  A worm (D:2)
  2 dart slugs
  7 orcs
  4 bats
  5 endoplasms
  5 giant cockroaches
  10 goblins
  3 hobgoblins
  3 quokkas
  9 ball pythons
  2 frilled lizards
  5 kobolds
  7 rats
69 creatures vanquished.

Notes
Turn   | Place    | Note
-------+----------+-------------------------------------------
     0 | D:1      | bande the Gargoyle Fighter began the quest for the Orb.
     0 | D:1      | Reached XP level 1. HP: 14/14 MP: 1/1
   115 | D:1      | Reached XP level 2. HP: 19/19 MP: 2/2
   649 | D:1      | Found a faded altar of an unknown god.
   703 | D:1      | Reached XP level 3. HP: 24/24 MP: 3/3
  1401 | D:2      | Found Ebomuig's Assorted Antiques.
  1699 | D:2      | Reached XP level 4. HP: 17/29 MP: 4/4
  2602 | D:3      | Reached XP level 5. HP: 33/33 MP: 5/5
  2771 | D:3      | Found a shadowy altar of Dithmenos.
  2771 | D:3      | Found an opulent altar of Gozag.
  3256 | D:4      | Reached skill level 4 in Armour
  3449 | D:4      | Noticed Pikel
  3449 | D:4      | Noticed a lemure
  3449 | D:4      | Noticed a lemure
  3449 | D:4      | Noticed a lemure
  3449 | D:4      | Noticed a lemure
  3506 | D:4      | Slain by Pikel

Illustrated notes

Levels and vault maps discovered:
D:1:      amcnicky_arrival_wind_blow, layout_basic,
          shapermc_ecumenical_altar_notcrosses, serial_forest,
          infiniplex_forest_end_double, infiniplex_forest_lined_corner,
          infiniplex_forest_lined_2, infiniplex_forest_3_way,
          infiniplex_forest_end_2, infiniplex_forest_end_1
D:2:      layout_basic, serial_shops, nicolae_diamond_shop
D:3:      layout_basic, gammafunk_temple_overflow_statue, serial_park_tiny_pond
D:4:      layout_layer_cave, mainiacjoe_overflow_alcove_4, grunt_ministairs_10,
          uniq_pikel

Skill      XL: |  1  2  3  4  5 |
---------------+----------------+-----
Axes           | 2 3 |  3.7
Armour         | 4 |  4.0
Fighting       | |  3.9
Stealth        | |  0.1
Shields        | |  3.8

Action                   |  1- 3 |  4- 6 || total
-------------------------+-------+-------++-------
Melee: War axe           |   106 |   120 ||   226
  Use: Scroll            |     1 |    10 ||    11
       Potion            |       |     2 ||     2
Armor: Scale mail        |    59 |       ||    59
       Chain mail        |    17 |   104 ||   121
Dodge: Dodged            |    46 |    52 ||    98
Block: Buckler           |    10 |    28 ||    38

Table legend: (Time is in decaauts)
 A = Elapsed time spent in this place.
 B = Non-inter-level travel time spent in this place.
 C = Inter-level travel time spent in this place.
 D = Time resting spent in this place.
 E = Time spent auto-exploring this place.
 F = Levels seen in this place.
 G = Mean time per level.
                   A        B        C        D        E       F      G
               +--------+--------+--------+--------+--------+-----+--------+
         Total |   3587 |   3506 |     81 |    213 |   2643 |   4 |  896.8 |
       Dungeon |   3587 |   3506 |     81 |    213 |   2643 |   4 |  896.8 |
               +--------+--------+--------+--------+--------+-----+--------+

Top non-repeatable levels by time:
     D:2: 1351 daAuts
     D:1: 1186 daAuts
     D:3: 786 daAuts
     D:4: 263 daAuts
